 Dungeon Crawl Stone Soup version 0.30.1-11-g7821555f0a (webtiles) character file.

Game seed: 11620216516378597824

8 Chiseanne the Ducker (level 2, 21/25 HPs)
             Began as a Demonspawn Wanderer on Nov 17, 2023.
             Quit the game on level 1 of the Dungeon.
             The game lasted 00:00:29 (361 turns).

Chiseanne the Ducker (Demonspawn Wanderer)           Turns: 361, Time: 00:00:30

Health: 21/25      AC:  3    Str: 17    XL:     2   Next: 0%
Magic:  2/2        EV: 12    Int: 10    God:
Gold:   16         SH:  0    Dex: 10    Spells: 1/1 levels left

rFire   . . .        a - +0 club
rCold   . . .        (no shield)
rNeg    . . .        f - +0 leather armour
rPois   .            (no helmet)
rElec   .            (no cloak)
rCorr   .            (no gloves)
SInv    .            (no boots)
Will    .....        (no amulet)
Stlth   +            (no ring)
HPRegen 0.24/turn    (no ring)
MPRegen 0.08/turn

%: no passive effects
@: no status effects
A: weakness stinger 1
a: no special abilities


You were on level 1 of the Dungeon.
You visited 1 branch of the dungeon, and saw 1 of its levels.

You collected 16 gold pieces.

Inventory:

Hand Weapons
 a - a +0 club (weapon)
Missiles
 b - 4 throwing nets (quivered)
 i - 6 poisoned darts
 j - 3 stones
Armour
 f - a +0 leather armour (worn)
Scrolls
 e - a scroll of fog
 k - a scroll of fear {unknown}
 m - a scroll of teleportation {unknown}
Potions
 c - a potion of attraction
 d - a potion of curing
 g - 2 potions of might {unknown}
 h - a potion of lignification {unknown}
 l - a potion of flight {unknown}


   Skills:
 * Level 4.1 Fighting
 * Level 1.3 Armour
 * Level 4.6 Dodging


You had one spell level left.
You didn't know any spells.
Your spell library was empty.

Dungeon Overview and Level Annotations

Branches:
Dungeon (1/15)

Altars:


Innate Abilities, Weirdness & Mutations

You have a small tail.


Message History

No target in view!
No target in view!
No target in view!
No target in view!
No target in view!
No target in view!
No target in view!
No target in view!
No target in view!
No target in view!
There is a stone staircase leading down here.
m - a scroll labelled ASEGAKK BOSI You now have 16 gold pieces.
A ball python comes into view.
The ball python hisses angrily.
The ball python bites you. The ball python closely misses you.
You hit the ball python.
You kill the ball python!
No target in view!
A giant cockroach comes into view.
The giant cockroach closely misses you.
You barely miss the giant cockroach. The giant cockroach closely misses you.
You closely miss the giant cockroach. The giant cockroach bites you. x2
You hit the giant cockroach but do no damage.
The giant cockroach bites you.
You hit the giant cockroach.
The giant cockroach is heavily wounded.
The giant cockroach waves its antennae.
The giant cockroach misses you.
The giant cockroach bites you but does no damage.
You closely miss the giant cockroach.
The giant cockroach is heavily wounded.
The giant cockroach bites you but does no damage.
The giant cockroach closely misses you.
You hit the giant cockroach.
You kill the giant cockroach!
You have reached level 2!
Your demonic ancestry asserts itself...
You grow a small tail.
Are you sure you want to abandon this character and quit the game? (Confirm with "yes".)

#####...####
####...#.#)#
......†....+........
+........#.#
#####...####.......
####.....#.# ##.##
...... #..>###.# .#
#.... #.#.###.# ..
.... #.......# ##.
#..# ###.##### ..
#.†# #.# ..
#.@##########.#
#..#........#.#
##....######.#.#
#.#.....######.#.#
.........##.......#
##..........###.###
#######.#### #.#
#.######.#
#........#


There were no monsters in sight!

Vanquished Creatures
  An endoplasm (D:1)
  A giant cockroach (D:1)
  A goblin (D:1)
  A hobgoblin (D:1)
  2 ball pythons (D:1)
  A frilled lizard (D:1)
  A rat (D:1)
8 creatures vanquished.

Notes
Turn   | Place    | Note
-------+----------+-------------------------------------------
     0 | D:1      | Chiseanne the Demonspawn Wanderer began the quest for the
                  | Orb.
     0 | D:1      | Chiseanne set off with the following items: a +0 club, 4
                  | throwing nets, a potion of attraction, a potion of curing,
                  | a scroll of fog, a +0 leather armour.
     0 | D:1      | Reached XP level 1. HP: 19/19 MP: 1/1
   361 | D:1      | Gained mutation: You have a small tail. [demonic ancestry]
   361 | D:1      | Reached XP level 2. HP: 21/25 MP: 2/2
   361 | D:1      | Quit the game

Illustrated notes

Levels and vault maps discovered:
D:1:      lightli_arrival_statuegarden, layout_loops_corners, dk_noncrumbling_2

Action                     || total
---------------------------++-------
  Melee: Club              ||    31
 Armour: Leather armour    ||     6
  Dodge: Dodged            ||    19
